 Dungeon Crawl Stone Soup version 0.20.1-1-g8b1a95d (webtiles) character file.

3204 birkhead the Magician (level 9, -1/45 HPs)
             Began as a Deep Elf Wizard on Nov 22, 2017.
             Was a Believer of Vehumet.
             Slain by a queen ant (12 damage)
             ... on level 9 of the Dungeon on Nov 23, 2017.
             The game lasted 03:32:52 (9016 turns).

birkhead the Magician (Deep Elf Wizard)             Turns: 9016, Time: 03:32:52

Health: -1/45      AC:  3    Str:  4      XL:     9   Next: 65%
Magic:  0/30       EV: 14    Int: 27      God:    Vehumet [**....]
Gold:   357        SH:  0    Dex:  9 (13) Spells: 9/22 levels left

rFire    . . .     SeeInvis .   y - +0 dagger (venom)
rCold    . . .     Gourm    .   (no shield)
rNeg     . . .     Faith    .   D - +0 robe
rPois    .         Spirit   +   b - +1 hat
rElec    .         Reflect  .   g - scarf {Spirit}
rCorr    .         Harm     .   (no gloves)
MR       .....                  (no boots)
Stlth    ++++......             (no amulet)
Regen    0.2/turn               m - ring of magical power
MPRegen  0.3/turn               F - ring of stealth

@: no status effects
A: no striking features
a: Renounce Religion


You were on level 9 of the Dungeon.
You worshipped Vehumet.
Vehumet was pleased with you.
You were not hungry.

You visited 3 branches of the dungeon, and saw 11 of its levels.

You collected 393 gold pieces.
You spent 36 gold pieces at shops.

Inventory:

Hand Weapons
 y - a +0 dagger of venom (weapon)
 I - a +0 shortbow
Missiles
 e - 7 needles of confusion
 f - 9 tomahawks (quivered)
 h - 77 arrows
 q - 46 poisoned needles
Armour
 b - a +1 hat (worn)
 g - a scarf of spirit shield (worn)
 D - a +0 robe (worn)
 G - a +1 ring mail of cold resistance
Magical Staves
 A - an uncursed staff of death
Jewellery
 m - a ring of magical power (left hand)
 F - a ring of stealth (right hand)
Wands
 a - a wand of iceblast (4/15)
 w - a wand of confusion (13/48)
 z - a wand of confusion (24/48)
 B - a wand of confusion (16/48)
 E - a wand of enslavement (15/24)
 H - a wand of enslavement (3/24)
 J - a wand of digging (19/24)
Scrolls
 i - a scroll of recharging
 s - 2 scrolls of fog
 v - 2 scrolls of remove curse
 x - a scroll of enchant armour
 C - a scroll of blinking
Potions
 j - a potion of cancellation
 l - a potion of curing
 p - a potion of flight
 t - a potion of haste
 u - a potion of might
 K - a potion of agility {unknown}
Books
 c - a book of Minor Magic

   Spells                             Type                      Level
   a - Magic Dart                     Conjuration                  1
   b - Blink                          Translocation                2
   c - Call Imp                       Summoning                    2
   d - Slow                           Hexes                        2
   e - Conjure Flame                  Conjuration/Fire             3
   f - Mephitic Cloud                 Conjuration/Poison/Air       3
Comestibles
 d - 7 bread rations
 k - 4 meat rations
 n - 2 royal jellies
 o - a chunk of flesh
 r - 7 fruits


   Skills:
 - Level 1.1 Staves
 + Level 2.1 Bows
 + Level 5.5 Dodging
 - Level 5.0 Stealth
 + Level 7.3 Spellcasting
 + Level 5.1 Conjurations
 + Level 5.5 Hexes
 + Level 4.7 Summonings
 + Level 5.0 Translocations
 + Level 4.3 Fire Magic
 + Level 3.2 Air Magic
 + Level 4.1 Poison Magic
 - Level 1.0 Evocations


You had 9 spell levels left.
You knew the following spells:

 Your Spells              Type           Power        Failure   Level  Hunger
a - Magic Dart            Conj           ####         1%          1    None
b - Slow                  Hex            #####...     1%          2    None
c - Blink                 Tloc           N/A          1%          2    None
d - Call Imp              Summ           #####...     1%          2    None
e - Conjure Flame         Conj/Fire      #####...     2%          3    None
f - Mephitic Cloud        Conj/Pois/Air  ####....     3%          3    None


Dungeon Overview and Level Annotations

Branches:
Dungeon (9/15)             Temple (1/1) D:7             Orc (1/2) D:9
   Lair: D:8-11

Altars:
Ashenzari
Cheibriados
Dithmenos
Elyvilon
Fedhas
Gozag
Hepliaklqana
Kikubaaqudgha
Makhleb
Nemelex Xobeh
Okawaru
Qazlal
Ru
Sif Muna
Trog
Uskayaw
Vehumet
Xom
Yredelemnul
Zin
The Shining One

Shops:
D:4 (*


Message History

You are more poisoned.
The queen ant poisons you!
Casting: Magic Dart
Confirm with . or Enter, or press ? or * to list all spells.
Aiming: Magic Dart
Press: ? - help, Shift-Dir - straight line, f/p - queen ant
Aim: a queen ant (flame, moderately wounded)
The magic dart hits the queen ant.
The queen ant is moderately wounded.
* * * LOW HITPOINT WARNING * * *
You feel extremely sick.
Your crimson imp barely misses the queen ant.
The queen ant is engulfed in blazing flames.
The queen ant stings you.
* * * LOW HITPOINT WARNING * * *
You feel better.
Your crimson imp completely misses the queen ant.
The queen ant is engulfed in blazing flames.
The queen ant stings you!
You die...

# ...###.. #..# #..#.5
#..# #a†.#########..#
###†††#..........###
####.....#..#######.#<#
#...†...†....## #.#)#
#....#.....>..# #.#.#
#########5###..# #.#[#
#......@aa<<...# #.#.#
#.########.#...#####.#.#
#.# #.#......##.#[# #.#
#.#....#....#.# #####
#.# #.#.....###.#.#
5...# #.#
#.#.........#.# ###.#
#.# #.#..##.##..#.# #
#.# ###.#
#........#..... # #.#
#...# ###.###..##.#.#


You could see a queen ant, a worker ant and a friendly crimson imp.

Vanquished Creatures
  Pikel (D:9)
  A water moccasin (D:7)
  3 soldier ants (D:9)
  An ice beast (D:6)
  A sky beast (D:5)
  4 slaves (D:9)
  An eye of draining (D:8)
  The ghost of Ymberto the Skirmisher, an amateur HuHu (D:3)
  An ogre (D:4)
  A scorpion (D:3)
  3 wights
  A bullfrog zombie (D:5)
  2 crimson imps
  A jelly (D:9)
  A quasit (D:9)
  A centaur zombie (D:5)
  5 orc priests
  A gnoll shaman (D:7)
  2 hounds
  A bullfrog skeleton (D:4)
  An iguana (D:9)
  Jessica (D:6)
  4 orc wizards
  5 worker ants
  A worker ant zombie (D:5)
  10 gnolls
  7 adders
  A shadow imp (D:6)
  An ooze (D:1)
  An adder zombie (D:6)
  3 worms
  2 dart slugs (D:2)
  A leopard gecko (D:2)
  20 orcs
  4 giant cockroaches
  9 goblins
  4 hobgoblins
  5 jackals
  8 kobolds
  2 quokkas
  A ball python (D:3)
  7 bats
  3 frilled lizards
  A jackal zombie (D:5)
  A leopard gecko skeleton (D:6)
  A quokka zombie (D:5)
  5 rats
142 creatures vanquished.

Vanquished Creatures (collateral kills)
  Sigmund (D:4)
  An ice beast (D:6)
  A phantom (D:9)
  A black bear (D:8)
  2 ogres (D:8)
  A centaur (D:8)
  2 wights (D:9)
  An electric eel (D:9)
  A crimson imp (D:9)
  A bullfrog zombie (D:5)
  A hound (D:6)
  A centaur skeleton (D:8)
  2 jellies
  11 worker ants (D:9)
  A hound zombie (D:5)
  A gnoll (D:3)
  A howler monkey skeleton (D:9)
  2 adders (D:3)
  An adder zombie (D:5)
  2 worms
  2 dart slugs
  A leopard gecko (D:7)
  5 orcs
  3 giant cockroaches
  2 hobgoblins (D:3)
  5 jackals
  2 kobolds
  A quokka (D:3)
  2 ball pythons
  A frilled lizard (D:4)
  A giant cockroach zombie (D:5)
  2 goblins (D:3)
  2 jackal skeletons (D:5)
  3 rats (D:3)
67 creatures vanquished.

Vanquished Creatures (others)
  A troll (D:9)
  A soldier ant (D:9)
2 creatures vanquished.

Grand Total: 211 creatures vanquished

Notes
Turn   | Place    | Note
-------+----------+-------------------------------------------
     0 | D:1      | birkhead the Deep Elf Wizard began the quest for the Orb.
     0 | D:1      | Reached XP level 1. HP: 10/10 MP: 7/7
   413 | D:1      | Reached XP level 2. HP: 13/15 MP: 5/9
   646 | D:1      | Learned a level 2 spell: Slow
   649 | D:1      | Learned a level 2 spell: Blink
   652 | D:1      | Learned a level 2 spell: Call Imp
   868 | D:1      | Reached XP level 3. HP: 18/19 MP: 7/11
  1186 | D:2      | Reached skill level 5 in Spellcasting
  1399 | D:2      | Reached XP level 4. HP: 16/24 MP: 3/13
  1980 | D:3      | Noticed Ymberto's ghost (amateur HuHu)
  2062 | D:3      | Killed Ymberto's ghost
  2062 | D:3      | Reached skill level 1 in Hexes
  2084 | D:3      | Reached XP level 5. HP: 10/28 MP: 6/14
  2176 | D:3      | Learned a level 3 spell: Conjure Flame
  2180 | D:3      | Learned a level 3 spell: Mephitic Cloud
  2362 | D:3      | Found a hide-covered altar of Uskayaw.
  2362 | D:3      | Found a shimmering altar of Xom.
  2828 | D:3      | Reached skill level 1 in Poison Magic
  2835 | D:3      | HP: 1/28 [poisoned by a scorpion]
  2882 | D:4      | Found Geaduats's General Store.
  2889 | D:4      | Bought a scroll of remove curse for 36 gold pieces
  2935 | D:4      | Reached XP level 6. HP: 27/32 MP: 4/16
  3192 | D:4      | Noticed Sigmund
  3272 | D:4      | Killed Sigmund
  3452 | D:4      | Found Equ Wupn's Antique Weapon Boutique.
  3534 | D:5      | Entered Level 5 of the Dungeon
  3563 | D:5      | Reached skill level 1 in Air Magic
  3600 | D:4      | Reached skill level 1 in Fire Magic
  3637 | D:5      | Noticed a sky beast
  3654 | D:5      | Killed a sky beast
  3654 | D:5      | Reached skill level 1 in Evocations
  3654 | D:5      | Reached XP level 7. HP: 36/36 MP: 4/17
  4835 | D:6      | Reached skill level 6 in Spellcasting
  4879 | D:6      | Found a glowing golden altar of the Shining One.
  4939 | D:6      | Reached XP level 8. HP: 41/41 MP: 9/19
  5112 | D:6      | Noticed Jessica
  5127 | D:6      | Killed Jessica
  5132 | D:6      | Found a deep blue altar of Sif Muna.
  5484 | D:7      | Found a staircase to the Ecumenical Temple.
  5489 | Temple   | Entered the Ecumenical Temple
  5558 | Temple   | Became a worshipper of Vehumet
  5671 | D:7      | Found an opulent altar of Gozag.
  5966 | D:7      | HP: 2/41 [poisoned by a water moccasin]
  6442 | D:8      | Reached skill level 5 in Stealth
  6545 | D:8      | Reached skill level 1 in Staves
  6622 | D:8      | Found a sacrificial altar of Ru.
  6764 | D:8      | Found a bloodstained altar of Trog.
  6854 | D:8      | Reached * piety under Vehumet
  6854 | D:8      | Offered knowledge of Flame Tongue by Vehumet.
  7641 | D:9      | Noticed Pikel
  7674 | D:9      | Killed Pikel
  7674 | D:9      | Reached skill level 1 in Bows
  7674 | D:9      | Reached skill level 5 in Dodging
  7674 | D:9      | Reached XP level 9. HP: 15/45 MP: 6/21
  7745 | D:9      | Reached skill level 5 in Hexes
  8241 | D:9      | Found a staircase to the Orcish Mines.
  8302 | D:9      | Found a blossoming altar of Fedhas.
  8303 | D:9      | Noticed a troll
  8375 | Orc:1    | Entered Level 1 of the Orcish Mines
  8980 | D:9      | Reached skill level 7 in Spellcasting
  8980 | D:9      | Reached skill level 5 in Conjurations
  8999 | D:9      | Noticed a queen ant
  8999 | D:9      | Reached ** piety under Vehumet
  9001 | D:9      | Offered knowledge of Searing Ray by Vehumet.
  9003 | D:9      | Reached skill level 5 in Translocations
  9016 | D:9      | Slain by a queen ant

Skill      XL: |  1  2  3  4  5  6  7  8  9 |
---------------+----------------------------+-----
Stealth        | 3 4 5 |  5.0
Spellcasting   | 5 6 7 |  7.3
Conjurations   | 2 3 4 5 |  5.1
Dodging        | 3 4 5 |  5.5
Hexes          | 1 2 4 5 |  5.5
Summonings     | 2 3 4 |  4.7
Translocations | 2 3 4 5 |  5.0
Poison Magic   | 1 2 3 4 |  4.1
Air Magic      | 1 2 3 |  3.2
Fire Magic     | 1 2 3 4 |  4.3
Evocations     | 1 |  1.0
Staves         | 1 |  1.1
Bows           | 1 2 |  2.1

Action                   |  1- 3 |  4- 6 |  7- 9 || total
-------------------------+-------+-------+-------++-------
Melee: Unarmed           |    16 |       |       ||    16
       Short sword       |    18 |    14 |       ||    32
       Dagger            |       |     7 |    43 ||    50
       Staff             |       |       |    79 ||    79
 Fire: Shortbow          |       |       |    57 ||    57
Throw: Stone             |    22 |     7 |       ||    29
       Tomahawk          |       |       |     4 ||     4
 Cast: Magic Dart        |    78 |    85 |   215 ||   378
       Call Imp          |       |    24 |    69 ||    93
       Slow              |       |     9 |    24 ||    33
       Mephitic Cloud    |       |     2 |    37 ||    39
       Blink             |       |     1 |     1 ||     2
       Conjure Flame     |       |    10 |    36 ||    46
Evoke: Wand              |       |     3 |     5 ||     8
  Use: Potion            |     1 |     4 |     7 ||    12
       Scroll            |       |     6 |    11 ||    17
 Stab: Sleeping          |     5 |       |     2 ||     7
       Confused          |       |       |     2 ||     2
  Eat: Chunk             |     1 |     7 |    14 ||    22
       Royal jelly       |       |       |     1 ||     1
       Fruit             |       |       |     1 ||     1
Armor: Skin              |    11 |       |       ||    11
       Robe              |     9 |     9 |    39 ||    57
Dodge: Dodged            |    23 |    44 |   173 ||   240
